 Dungeon Crawl Stone Soup version 0.27-a0-1154-gfdeffcb720 (webtiles) character file.

Game seed: 9398358320160417630

67 Froggeryz the Ruffian (level 4, -3/36 HPs)
             Began as a Ghoul Wanderer on May 14, 2021.
             Slain by Sigmund
             ... wielding a +0 scythe
              (7 damage)
             ... on level 2 of the Dungeon.
             The game lasted 00:02:03 (1704 turns).

Froggeryz the Ruffian (Ghoul Wanderer)              Turns: 1704, Time: 00:02:03

Health: -3/36      AC:  9    Str: 10 (14) XL:     4   Next: 18%
Magic:  3/3        EV:  8    Int:  2 (6)  God:
Gold:   95         SH:  0    Dex:  7 (11) Spells: 3/3 levels left

rFire    + . .     SeeInvis .     - Unarmed
rCold    + + .     Faith    .   (no shield)
rNeg     + + +     Spirit   .   b - +2 scale mail
rPois    ∞         Reflect  .   k - +0 helmet
rElec    +         Harm     .   (no cloak)
rCorr    +         Rampage  .   (no gloves)
Will     .....                  (no boots)
Stlth    ..........             (no amulet)
HPRegen  0.00/turn              (no ring)
MPRegen  0.08/turn              (no ring)

@: confused, brilliant, resistant, very slightly contaminated, hasted,
invisible, very quick
A: claws 1, cold resistance 1, negative energy resistance 3, inhibited
regeneration, torment resistance 2
a: no special abilities


You were on level 2 of the Dungeon.
You visited 1 branch of the dungeon, and saw 2 of its levels.

You collected 95 gold pieces.

Inventory:

Hand Weapons
 a - a +0 shortbow
Missiles
 c - 13 arrows
 l - 9 poisoned darts (quivered)
Armour
 b - a +2 scale mail (worn)
 i - a +0 buckler
 k - a +0 helmet (worn)
 p - a +2 pair of gloves
Scrolls
 d - 3 scrolls of teleportation
 g - 2 scrolls of identify {unknown}
 j - a scroll of acquirement {unknown}
 o - a scroll of brand weapon {unknown}
Potions
 e - a potion of degeneration
 f - a potion of mutation


   Skills:
 - Level 2.1 Fighting
 - Level 1.0 Bows
 - Level 2.1 Armour
 - Level 1.1 Stealth
 - Level 1.0 Shields
 * Level 3.7 Unarmed Combat
 - Level 2.4 Hexes


You had 3 spell levels left.
You didn't know any spells.
Your spell library was empty.

Dungeon Overview and Level Annotations

Branches:
Dungeon (2/15)

Altars:

Annotations:
D:2 Sigmund


Innate Abilities, Weirdness & Mutations

You thrive by killing the living.
You are immune to poison.
You have sharp fingernails.
Your flesh is cold resistant. (rC+)
You are immune to negative energy. (rN+++)
You do not regenerate when monsters are visible.
You are immune to unholy pain and torment.


Message History

You fade into invisibility!
Sigmund closely misses you.
You are very lightly contaminated with residual magic.
You closely miss Sigmund. You barely miss Sigmund. Sigmund closely misses you.
You barely miss Sigmund. Sigmund casts a spell at you. The magic dart hits you.
You barely miss Sigmund. Sigmund hits you with a +0 scythe.
You barely miss Sigmund.
Sigmund screams, "You will never...
NEVER!!!"
Sigmund hits you but does no damage.
You closely miss Sigmund. Sigmund barely misses you.
You strike the helpless Sigmund from behind!
You scratch Sigmund.
Sigmund is lightly wounded.
Sigmund hits you but does no damage.
You catch the helpless Sigmund completely off-guard!
You scratch Sigmund.
Sigmund is moderately wounded.
Sigmund barely misses you.
You catch the helpless Sigmund completely off-guard!
You scratch Sigmund.
Sigmund is heavily wounded.
Sigmund whispers, "You'll know eternity soon."
Sigmund gestures at you while chanting.
You are confused.
You bump into the rock wall.
Sigmund barely misses you.
It was a potion of haste.
You feel yourself speed up. Sigmund casts a spell at you.
The puff of flame hits you!
* * * LOW HITPOINT WARNING * * *
It was a potion of brilliance.
You feel clever all of a sudden. Sigmund barely misses you.
It was a potion of magic.
Magic courses through your body.
It was a potion of resistance.
You feel protected. Sigmund hits you with a +0 scythe!
You die...

#≈...........
#≈......≈..≈.
#≈...........
#≈...........
#≈......≈..≈.
#≈...........
#≈≈..........
########.##≈≈.........
#....@@...##≈≈........
#.######.####≈≈.......
#.# ##≈≈...... #.#
##≈≈≈≈≈≈≈ #.# ########
#.# #... #.# ..### #.#
#.# #


You could see Sigmund.

Vanquished Creatures
  3 adders (D:2)
  2 worms (D:2)
  2 dart slugs
  An endoplasm (D:1)
  A giant cockroach (D:2)
  2 hobgoblins
  4 jackals (D:1)
  5 kobolds
  A ball python (D:1)
  2 bats (D:1)
  2 frilled lizards
  6 goblins (D:1)
  A rat (D:1)
32 creatures vanquished.

Notes
Turn   | Place    | Note
-------+----------+-------------------------------------------
     0 | D:1      | Froggeryz the Ghoul Wanderer began the quest for the Orb.
     0 | D:1      | Froggeryz set off with the following items: a +0 shortbow,
                  | a +2 scale mail, 25 arrows, a scroll of teleportation
     0 | D:1      | Reached XP level 1. HP: 17/17 MP: 0/0
    65 | D:1      | Reached skill level 1 in Unarmed Combat
    78 | D:1      | Reached XP level 2. HP: 23/24 MP: 1/1
   305 | D:1      | Reached skill level 2 in Unarmed Combat
   678 | D:1      | Reached XP level 3. HP: 29/29 MP: 2/2
  1222 | D:2      | Reached skill level 3 in Unarmed Combat
  1481 | D:2      | Reached XP level 4. HP: 34/36 MP: 3/3
  1680 | D:2      | Noticed Sigmund
  1704 | D:2      | Slain by Sigmund

Illustrated notes

Levels and vault maps discovered:
D:1:      tarquinn_simple_flora_water_f, layout_basic, minmay_surrounded
D:2:      layout_loops_ring, kennysheep_cross_room, uniq_sigmund

Skill      XL: |  1  2  3 |
---------------+----------+-----
Unarmed Combat | 1 2 3 |  3.7
Armour         | 2 |  2.1
Fighting       | |  2.1
Bows           | |  1.0
Stealth        | |  1.1
Shields        | |  1.0
Hexes          | |  2.4

Action                   |  1- 3 |  4- 6 || total
-------------------------+-------+-------++-------
Melee: Unarmed           |    46 |    23 ||    69
 Fire: Shortbow          |   110 |       ||   110
  Use: Potion            |       |     7 ||     7
 Stab: Invisible         |       |     3 ||     3
Armor: Scale mail        |    60 |     3 ||    63
Dodge: Dodged            |    46 |    12 ||    58

Table legend: (Time is in decaauts)
 A = Elapsed time spent in this place.
 B = Non-inter-level travel time spent in this place.
 C = Inter-level travel time spent in this place.
 D = Time resting spent in this place.
 E = Time spent auto-exploring this place.
 F = Levels seen in this place.
 G = Mean time per level.
                   A        B        C        D        E       F      G
               +--------+--------+--------+--------+--------+-----+--------+
         Total |   1726 |   1564 |    162 |      0 |   1258 |   2 |  863.0 |
       Dungeon |   1726 |   1564 |    162 |      0 |   1258 |   2 |  863.0 |
               +--------+--------+--------+--------+--------+-----+--------+

Top non-repeatable levels by time:
     D:1: 1000 daAuts
     D:2: 725 daAuts
